Description

This is hard to scout because it kinda looks standard. I just took this from Spy's guide on Zerg cheese, but I believe this is also similar to what Scarlett did against Rogue in GSL.

Replay - World of Sleepers LE (41)

Build Order

Get SALT Encoding   

  12  0:00  Drone  
  13  0:10  Drone  
  14  0:15  Drone, Extractor  
  15  0:38  Hatchery  
  15  0:42  Extractor  
  13  0:56  Spawning Pool  
  12  1:01  Drone x2  
  14  1:20  Overlord  
  14  1:43  Zergling x2  
  14  1:44  Queen, Metabolic Boost  
  17  1:52  Zergling x4  
  18  1:58  Zergling x4  
  21  2:07  Zergling x2  
  22  2:14  Zergling x6  
  25  2:29  Queen  
  27  2:45  Overlord, Zergling x2  
  28  2:55  Overlord  
Spawning Tool Build Advisor. Get it on Overwolf

Go to:

Details

  • Created by: janpol8
  • Published on: Apr 23, 2020
  • Modified on: Apr 24, 2020
  • Patch: 4.11.0
Show
View Real Time Build Order
Export as new Build Order

Comments (0)

There are no comments. Be the first!

Create an account to comment!